 Dungeon Crawl Stone Soup version 0.15-b1-129-g6fffc38 (webtiles) character file.

141 JacquesDerrida the Skirmisher (level 5, 16/45 HPs)
             Began as a Demonspawn Wanderer on Aug 28, 2014.
             Quit the game on Level 4 of the Dungeon.
             The game lasted 00:07:59 (2386 turns).

JacquesDerrida the Skirmisher (Demonspawn Wanderer) Turns: 2386, Time: 00:08:00

HP  16/45        AC  9     Str  8      XL: 5   Next:  3%
MP   7/7         EV 10     Int 15      God:
Gold 146         SH  0     Dex 16      Spells:  0 memorised,  6 levels left

rFire  . . .     SeeInvis .     y - -3 falchion (curse)
rCold  . . .     Clarity  .     t - +1 leather armour
rNeg   . . .     rCorr    .     (no shield)
rPois  .         rRot     .     (no helmet)
rElec  .         Spirit   .     w - +2 cloak
SustAb .         Warding  .     (no gloves)
rMut   .         Stasis   .     (no boots)
Gourm  .                        (no amulet)
MR     .....                    (no ring)
                                v - ring of stealth

@: slowed, very slow, not resistant to hostile enchantments, fairly stealthy
A: thin metallic scales 1, powered by pain 1, spiny 1
a: no special abilities


You were on level 4 of the Dungeon.
You were not hungry.

You visited 1 branch of the dungeon, and saw 4 of its levels.

You collected 146 gold pieces.

Inventory:

Hand weapons
 a - a +2 dagger
 p - a +0 blowgun
 y - a cursed -3 falchion (weapon)
Missiles
 q - 7 poisoned needles
Armour
 e - a +0 robe
 t - a +1 leather armour (worn)
 w - a +2 cloak (worn)
Magical devices
 d - a wand of random effects (7)
Comestibles
 f - 2 bread rations
 g - a meat ration
 r - 2 beef jerkies
 x - 3 chunks of orc flesh
Scrolls
 c - a scroll of teleportation
 h - a scroll of amnesia
 m - 3 scrolls of identify
 o - a scroll of enchant armour
Jewellery
 n - an uncursed ring of ice
 v - a ring of stealth (left hand)
Potions
 b - a potion of berserk rage
 i - 7 potions of curing
 j - a potion of degeneration {unknown}
 k - a potion of flight {unknown}
 l - a potion of restore abilities {unknown}
 s - 2 potions of magic {unknown}
 u - a potion of poison {unknown}


   Skills:
 + Level 5.6 Fighting
 - Level 1.7 Short Blades
   Level 1.0 Maces & Flails
 - Level 1.0 Armour
 - Level 1.0 Stealth
 - Level 2.0 Unarmed Combat
 - Level 1.0 Spellcasting
 - Level 1.0 Evocations


You had 6 spell levels left.
You didn't know any spells.

Dungeon Overview and Level Annotations

Branches:
Dungeon (4/15)
 Temple: D:4-7

Altars:
Cheibriados
Elyvilon
Makhleb
The Shining One

Annotations:
D:4 Natasha


Innate Abilities, Weirdness & Mutations

You are partially covered in thin metallic scales (AC +2).
You sometimes gain a little power by taking damage.
You are partially covered in sharp spines.


Message History

The hobgoblin shouts!
You barely miss Natasha. Natasha claws you.
You hit Natasha but do no damage. Natasha barely misses you.
You hit Natasha but do no damage.
Natasha drinks a potion.
Natasha seems to speed up.
Natasha barely misses you.
You barely miss Natasha. Natasha completely misses you. The hobgoblin hits you.
You closely miss Natasha. Natasha claws you. Natasha claws you!
The hobgoblin hits you but does no damage.
You hit Natasha.
Natasha is heavily wounded.
Natasha claws you but does no damage.
Natasha extends her claws.
Natasha claws you but does no damage.
The hobgoblin hits you but does no damage.
You closely miss Natasha.
Natasha is heavily wounded.
Natasha stares at you and mumbles some strange words.
You feel yourself slow down. The hobgoblin closely misses you.
Natasha claws you.
Are you sure you want to abandon this character and quit the game? (Confirm with "yes".)

. .
.......#
.......##
#.......##
. ........#
# ...
.......#..
..
##.#...%(..
#.#.gh...#
#...@..#
###<..##
##.## ..#
###


You could see Natasha and a hobgoblin.

Vanquished Creatures
  A hound (D:2)
  Jessica (D:3)
  2 adders (D:3)
  3 worms
  2 giant geckos
  2 oozes
  An orc (D:3)
  7 giant cockroaches
  3 goblins
  11 hobgoblins
  3 jackals (D:2)
  2 quokkas (D:2)
  8 bats
  4 giant newts
  4 kobolds
  7 rats
61 creatures vanquished.

Notes
Turn   | Place    | Note
--------------------------------------------------------------
     0 | D:1      | JacquesDerrida, the Demonspawn Wanderer, began the quest for the Orb.
     0 | D:1      | Reached XP level 1. HP: 19/19 MP: 1/1
   123 | D:1      | Reached skill level 1 in Unarmed Combat
   237 | D:1      | Gained mutation: You are partially covered in thin metallic scales (AC +2). [demonic ancestry]
   237 | D:1      | Reached XP level 2. HP: 18/25 MP: 2/2
   976 | D:2      | Reached skill level 1 in Spellcasting
  1090 | D:2      | Gained mutation: You are partially covered in sharp spines. [demonic ancestry]
  1090 | D:2      | Reached XP level 3. HP: 18/30 MP: 4/4
  1219 | D:2      | Found a burning altar of Makhleb.
  1439 | D:2      | Reached XP level 4. HP: 31/38 MP: 5/5
  1700 | D:3      | Reached skill level 5 in Fighting
  1934 | D:3      | Noticed Jessica
  1948 | D:3      | Killed Jessica
  2277 | D:3      | Gained mutation: You sometimes gain a little power by taking damage. [demonic ancestry]
  2277 | D:3      | Reached XP level 5. HP: 19/45 MP: 7/7
  2290 | D:3      | Found a white marble altar of Elyvilon.
  2295 | D:3      | Found a glowing golden altar of the Shining One.
  2296 | D:3      | Found a snail-covered altar of Cheibriados.
  2377 | D:4      | Noticed Natasha
  2386 | D:4      | Quit the game

Action                   |  1- 3 |  4- 6 || total
-------------------------+-------+-------++-------
Melee: Dagger            |   170 |    80 ||   250
       Falchion          |       |    35 ||    35
Evoke: Wand              |     3 |     5 ||     8
  Use: Scroll            |       |     6 ||     6
 Stab: Sleeping          |     3 |     3 ||     6
  Eat: Chunk             |     2 |     3 ||     5
